 Dungeon Crawl Stone Soup version 0.32-a0-711-g016ad743e0 (webtiles) character file.

Game seed: 14853524726886541009

146629 croobank the Spry (level 16, -2/77 (85) HPs)
             Began as a Felid Summoner on Mar 15, 2024.
             Was the Champion of Dithmenos.
             Killed from afar by Nikola (24 damage)
             ... with an arc of chain lightning
             ... on level 3 of the Snake Pit on Mar 16, 2024.
             The game lasted 03:47:21 (43694 turns).

croobank the Spry (Felid Summoner)                 Turns: 43694, Time: 03:47:21

HP:   -2/77 (85)    AC:  3    Str:  4    XL:     16   Next: 90%
MP:   16/42         EV: 30    Int: 24    God:    Dithmenos [******]
Gold: 378           SH:  0    Dex: 20    Spells: 0/39 levels left
                                        Lives: 0   Deaths: 6

rFire   + . .        (weapon unavailable)
rCold   + + .        (shield unavailable)
rNeg    + + +        (body armour unavailable)
rPois   ∞            (helmet unavailable)
rElec   +            (cloak unavailable)
rCorr   +            (gloves unavailable)
SInv    +            (boots unavailable)
Will    ∞            j - amulet of magic regeneration Stlth **********
                     G - ring of wizardry
HPRegen 0.32/turn    k - ring of magical power
MPRegen 0.68/turn

%: wizardry (x1)
@: shadow-form, resistant, very slightly contaminated, wreathed by umbra,
studying 2 skills, drained, invisible
A: shadow resist, half damage, bleed smoke, invisible, very small, claws 1,
fangs 3, see invisible, shaggy fur 3, stealthy paws, no weapons or thrown items,
no armour, multi-lived
a: End Transformation, Renounce Religion, Shadow Step, Shadow Form


You were on level 3 of the Snake Pit.
You worshipped Dithmenos.
Dithmenos was exalted by your worship.
You were a swirling mass of dark shadows.
You visited 4 branches of the dungeon, and saw 25 of its levels.
You also visited: Bailey and Ice Cave.

You collected 2881 gold pieces.
You spent 2503 gold pieces at shops.

Inventory:

Jewellery
 e - a +6 ring of dexterity
 f - a ring of fire
 g - a +6 ring of strength
 j - an amulet of magic regeneration (around neck)
 k - a ring of magical power (right paw)
 p - a +4 ring of protection
 s - an amulet of reflection
 t - the ring of Gedouwiw {rElec AC+4 Str-4 Dex+3}
   (You found it on level 9 of the Dungeon)

   [ring of protection]

   AC+4:      It affects your AC (+4).
   Str-4:     It affects your strength (-4).
   Dex+3:     It affects your dexterity (+3).
   rElec:     It insulates you from electricity.
 x - a ring of protection from fire
 A - a ring of protection from cold
 G - a ring of wizardry (left paw)
 O - a ring of willpower
 R - a +6 ring of dexterity
 T - a ring of positive energy
 Z - a ring of willpower
Talismans
 v - a beast talisman (active)
 U - a granite talisman
 V - the serpent talisman of Ekaom {rC+ rCorr}
   (You took it off Aizul on level 1 of the Snake Pit)

   [serpent talisman]

   rC+:       It protects you from cold.
   rCorr:     It protects you from acid and corrosion.
Wands
 a - a wand of paralysis (39)
 h - a wand of polymorph (25)
 n - a wand of flame (23)
 B - a wand of digging (14)
 H - a wand of mindburst (4)
 N - a wand of acid (8)
 Q - a wand of roots (13)
Scrolls
 m - 4 scrolls of vulnerability
 w - 2 scrolls of fog
 C - 3 scrolls of fear
 D - 2 scrolls of poison
 E - 4 scrolls of revelation
 F - 4 scrolls of identify
 I - 2 scrolls of silence
 L - 3 scrolls of teleportation
 M - a scroll of noise
 P - 2 scrolls of immolation
 W - a scroll of torment
 X - a scroll of blinking
 Y - a scroll of summoning
Potions
 b - 3 potions of mutation
 c - 5 potions of ambrosia
 d - 2 potions of curing
 i - 7 potions of lignification
 l - 3 potions of berserk rage
 o - a potion of brilliance
 q - 5 potions of heal wounds
 r - 5 potions of enlightenment
 u - 5 potions of attraction
 z - 3 potions of haste
 J - a potion of magic
 K - 4 potions of might
 S - a potion of resistance
Miscellaneous
 y - a lightning rod (4/4)


   Skills:
 - Level 10.0 Fighting
 - Level 16.3 Dodging
 - Level 13.5 Stealth
 + Level 12.1 Spellcasting
 - Level 5.0 Conjurations
 + Level 5.8 Hexes
 - Level 11.8 Summonings
 - Level 5.0 Fire Magic
 - Level 8.4 Ice Magic
 - Level 7.0 Air Magic
 * Level 5.6 Alchemy
 + Level 12.2 Invocations
 - Level 3.8 Shapeshifting


You couldn't memorise any spells.
You knew the following spells:

 Your Spells              Type           Power      Damage    Failure   Level
c - Call Canine Familiar  Summ           17%        N/A       1%          3
d - Summon Blazeheart Go  Fire/Summ      13%        N/A       1%          4
e - Summon Lightning Spi  Summ/Air       14%        N/A       1%          4
f - Summon Mana Viper     Hex/Summ       14%        N/A       1%          5
g - Airstrike             Air            6%         2d(1-17)  1%          4
h - Summon Cactus Giant   Summ           8%         N/A       1%          6
m - Mephitic Cloud        Conj/Alch/Air  10%        N/A       1%          3
F - Freezing Cloud        Conj/Ice/Air   5%         6-21      2%          5
Y - Yara's Violent Unrav  Hex/Alch       5%         3d4       4%          5

Your spell library contained the following spells:

 Spells                   Type           Power      Damage    Failure   Level
 Freeze                   Ice            52%        1d6       1%          1
 Necrotise                Necr           12%        1d4       1%          1
 Summon Small Mammal      Summ           68%        N/A       1%          1
 Call Imp                 Summ           34%        N/A       1%          2
 Jinxbite                 Hex            20%        N/A       1%          2
 Mercury Vapours          Alch/Air       22%        N/A       1%          2
 Scorch                   Fire           18%        2d5       1%          2
 Static Discharge         Conj/Air       20%        3-4/arc   1%          2
 Frozen Ramparts          Ice            26%        1d4       1%          3
 Hailstorm                Conj/Ice       11%        3d6       1%          3
 Ozocubu's Armour         Ice            13%        N/A       1%          3
 Tukima's Dance           Hex            10%        N/A       1%          3
 Volatile Blastmotes      Fire/Tloc      12%        2d11      1%          3
 Martyr's Knell           Necr/Summ      10%        N/A       1%          4
 Flame Wave               Conj/Fire      9%         2d6       2%          4
 Metabolic Englaciation   Hex/Ice        6%         N/A       2%          5
 Summon Forest            Summ/Tloc      5%         N/A       4%          5
 Passwall                 Erth           3%         N/A       5%          3
 Vampiric Draining        Necr           3%         2d6       5%          3
 Iskenderun's Mystic Bla  Conj/Tloc      6%         2d4       6%          4
 Curse of Agony           Necr           3%         N/A       41%         5
 Bombard                  Conj/Erth      3%         9d1       65%         6
 Enfeeble                 Hex            5%         N/A       75%         7
 Dimensional Bullseye     Hex/Tloc       Unusable   N/A       N/A         4

Dungeon Overview and Level Annotations

Branches:
Dungeon (15/15)            Temple (0/1) D:5            Lair (5/5) D:11
  Swamp (0/4) Lair:3        Snake (3/4) Lair:3        Slime (0/5) Lair:5
    Orc (2/2) D:11            Elf (0/3) Orc:2        Vaults (0/5) D:14
 Depths (0/4) D:15         Bailey (visited)           IceCv (visited)

Altars:
Dithmenos
Kikubaaqudgha
Okawaru
Qazlal
Ru
Trog
Uskayaw
Vehumet
Wu Jian
Xom
Yredelemnul
Beogh
Jiyva
Lugonu

Shops:
D:4 (   D:5 =(*   D:13 **   D:14 :   Orc:1 :   Orc:2 *(**   Snake:2 [?!

Portals:
Abyss: Lair:5

Annotations:
D:6 Jeremiah
Snake:3 1 runed translucent door, Nikola; croobank's ghost, adept DgSu


Innate Abilities, Weirdness & Mutations

You are a swirling mass of dark shadows.
You are immune to unholy torment and to willpower attacks.
Damage taken is halved, but you are drained when taking damage.
Your attacks are insubstantial and do half damage.
You bleed smoke when taking damage.
You are invisible.
You are immune to poison.
Your spellcasting is less reliable in this form.
You have sharp claws.
You have razor-sharp teeth.
You have supernaturally acute eyesight. (SInv)
Your thick and shaggy fur keeps you warm. (AC +3, rC+)
Your paws help you pounce on unaware monsters.
You are incapable of wielding weapons or throwing items.
You cannot wear armour.
You gain extra lives every three experience levels.


Message History

* * * LOW HITPOINT WARNING * * *
You emit a cloud of dark smoke.
You feel drained.
The bolt of lightning hits Nikola.
The air sparks with electricity, shocking Nikola!
The naga warrior spits poison at you. The splash of poison misses you.
You hear an angry hiss.
You hear a shout!
You hear an angry hiss. x2
You hear a shout! x2; You hear an angry hiss.
Blink to where?
Press: ? - help, Dir - move target You can't see that place. [Stash: a +0 hand axe (...1)] [the floor.]
Okay, then.
Casting: Summon Mana Viper (dangerous; 1% risk of failure)
Confirm with . or Enter, or press ? or * to list all spells.
You feel an extremely numb sensation.
A mana viper appears with a sibilant hiss.
You feel yourself speed up. Nikola raves, "Can you feel it? Can you feel it?
CAN YOU FEEL IT?"
A shock serpent comes into view.
The naga warrior completely misses you.
Blink to where?
Press: ? - help, Dir - move target You can't see that place.
Okay, then.
What are your orders? t - Meow!
Orders for allies: a - Attack new target. r - Retreat! s - Stop attacking. g - Guard the area. f - Follow me.
Anything else - Cancel.
Gang up on whom?
Press: ? - help, Dir - move target, f - Nikola
Aim: Nikola, wielding a +2 rapier of electrocution, wearing a +0 cloak and wearing a +0 pair of gloves (black smoke, moderately wounded, ally target, umbra)
Okay, then.
Nikola casts a spell.
Lightning arcs from Nikola's hands!
The bolt of lightning hits you!!! You resist.
You die...

#...#.......#
#...........#
#.......<...# .#.
#...........# ...
###."#)......# .#..
##.##.........#
..†..#?W(#)##.######
.!...##+##§##.#
..^.).§§§WS##.<
###§§§@§§§##.#
#.N§§§§§# .#
#.....§§§§.# .#
...#.##§##### .# #.
#.. . ### #


You could see Nikola (ally target), a +5 battleaxe "Basmec" {chaos, rElec rPois
Str+2} (unable to see you), croobank's ghost (unable to see you) and a friendly
mana viper (summoned).

Vanquished Creatures
  Rupert (Lair:4)
  Mlioglotl (Snake:1)
  Nessos (D:14)
  An eleionoma (Lair:3)
  An ettin (D:13)
  2 hydras
  2 ironbound frosthearts (IceCv)
  2 boulder beetles
  2 centaur warriors
  7 death yaks
  4 two-headed ogres
  2 orc high priests (Orc:2)
  2 naga warriors (Snake:2)
  A naga sharpshooter (Snake:1)
  2 shock serpents (Snake:2)
  A sea snake (Snake:2)
  An arcanist (D:15)
  A flayed ghost (D:15)
  A mana viper (Snake:2)
  Pikel (D:4)
  A necromancer (D:15)
  2 orc knights
  2 deep elf pyromancers (D:14)
  A deep elf zephyrmancer (D:14)
  3 cyclopes (D:12)
  7 ugly things
  A salamander (Snake:1)
  A meliai (D:15)
  2 manticores
  A guardian serpent (shapeshifter) (Lair:5)
  A guardian serpent (Snake:3)
  8 black mambas
  8 elephants
  A torpor snail (Lair:2)
  11 cane toads
  A gargoyle (D:12)
  A cane toad (shapeshifter) (D:14)
  4 rime drakes
  2 efreet (D:15)
  4 komodo dragons
  3 trolls
  9 polar bears (IceCv)
  2 hornets
  A raiju (shapeshifter) (D:14)
  9 blink frogs
  A raiju (Lair:5)
  2 dream sheep (Lair:3)
  Sigmund (D:3)
  3 slime creatures (D:15)
  A spriggan (shapeshifter) (D:15)
  A wraith (D:13)
  A wyvern (Lair:5)
  2 shadows
  4 hogs (D:13)
  2 humans (Lair:4)
  5 vampire mosquitoes
  32 yaks
  3 basilisks
  A warg (Orc:1)
  A ynoxinul (Lair:5)
  Edmund (D:5)
  9 water moccasins
  2 acid dragons (D:14)
  8 nagas
  A nameless horror (D:9)
  6 orc warriors
  2 ice beasts
  An ogre (D:5)
  2 black bears
  A small abomination (Lair:5)
  10 wolves
  7 centaurs
  2 kobold brigands
  2 lemures (D:4)
  2 bullfrogs
  A gnoll sergeant (D:7)
  3 wights
  5 electric eels
  A howler monkey (D:7)
  17 orc priests
  A jelly (D:8)
  A hound (D:5)
  3 iguanas
  3 hell rats (Lair:5)
  15 orc wizards
  A spriggan simulacrum (D:11)
  2 gnolls (D:3)
  4 adders
  2 naga simulacra (D:11)
  A ribbon worm (D:15)
  35 orcs
  An endoplasm (D:2)
  A giant cockroach (D:2)
  9 goblins
  6 hobgoblins
  A jackal (D:1)
  2 quokkas
  3 ball pythons
  2 bats
  A frilled lizard (D:3)
  A hobgoblin zombie (D:4)
  8 kobolds
  6 rats
374 creatures vanquished.

Vanquished Creatures (collateral kills)
  Asterion (Snake:2)
  A nagaraja (Snake:2)
  Kirke (D:13)
  Roxanne (Snake:1)
  Aizul (Snake:1)
  The ghost of Zizatayzxib the Thaumaturge, a journeyman DjFE of Makhleb (D:13)
  The ghost of zenocrate the Grappler, a journeyman TrEE of Cheibriados (Lair:3)
  An ettin (D:15)
  An entropy weaver (shapeshifter) (D:15)
  2 rakshasas (D:15)
  Harold (D:11)
  2 hydras (D:13)
  A catoblepas (D:14)
  3 anacondas (Snake:2)
  Erolcha (D:13)
  3 centaur warriors (D:13)
  2 boulder beetles
  3 two-headed ogres
  3 tengu warriors
  4 death yaks
  2 orc high priests (Orc:2)
  A naga sharpshooter (Snake:2)
  2 occultists (D:15)
  5 naga warriors
  A thrashing horror (Lair:5)
  2 shock serpents
  Nergalle (D:12)
  A naga ritualist (Snake:2)
  4 large abominations (Lair:5)
  2 arcanists
  A deep troll (D:15)
  A lindwurm (Lair:2)
  4 mana vipers
  An orc knight (D:14)
  A deep elf pyromancer (D:12)
  9 ugly things
  2 orc sorcerers (Orc:2)
  2 necromancers (D:15)
  2 salamanders (Snake:2)
  4 cyclopes
  5 naga magi
  2 meliai (D:15)
  14 black mambas
  5 elephants
  An ice statue (IceCv)
  A guardian serpent (Snake:2)
  3 smoke demons (Lair:5)
  Maggie (D:6)
  6 cane toads
  4 komodo dragons
  A tengu conjurer (D:14)
  A rime drake (Lair:1)
  An unseen horror (D:13)
  4 polar bears (IceCv)
  7 trolls
  Grinder (D:4)
  26 blink frogs
  2 slime creatures (D:15)
  2 raiju (Lair:5)
  A raiju (shapeshifter) (D:13)
  15 dream sheep
  A spriggan (shapeshifter) (D:15)
  A shadow (D:6)
  A spriggan (Lair:5)
  2 wyverns
  2 wraiths
  15 yaks
  2 humans (Lair:4)
  A basilisk (shapeshifter) (D:15)
  2 wargs (D:15)
  2 basilisks
  2 steam dragons (D:8)
  A hog (D:13)
  2 vampire mosquitoes
  A chaos spawn (Lair:5)
  Menkaure (D:6)
  11 water moccasins
  10 nagas
  5 acid dragons
  12 orc warriors
  3 ice beasts
  A black bear (Lair:3)
  A sky beast (D:6)
  4 laughing skulls (D:13)
  12 wolves
  3 ogres
  6 small abominations (Lair:5)
  7 centaurs
  2 lemures
  2 phantoms
  A kobold brigand (D:9)
  A gnoll sergeant (D:8)
  11 bullfrogs
  2 two-headed ogre simulacra (D:11)
  6 wights
  4 killer bees (D:10)
  3 howler monkeys
  2 hounds (D:5)
  A bombardier beetle (D:5)
  14 orc priests
  A gnoll bouda (D:7)
  2 jellies
  Ijyb (D:5)
  A hell rat (Lair:5)
  5 iguanas
  16 orc wizards
  5 nameless horrors
  A mummy (D:4)
  25 gnolls
  5 adders
  A shadow imp (D:7)
  A white imp (D:8)
  2 ribbon worms
  A dart slug (D:1)
  32 orcs
  6 ball pythons
  5 bats
  6 endoplasms
  3 giant cockroaches
  27 goblins
  19 hobgoblins
  A jackal (D:1)
  3 frilled lizards
  A hobgoblin zombie (D:4)
  21 kobolds
  2 kobold zombies (D:4)
  4 rats
542 creatures vanquished.

Vanquished Creatures (others)
  A hydra (D:14)
  A naga mage (Snake:3)
  A bullfrog (D:8)
  145 blazeheart cores
  4 foxfires (D:13)
152 creatures vanquished.

Grand Total: 1068 creatures vanquished

Notes
Turn   | Place    | Note
-------+----------+-------------------------------------------
     0 | D:1      | croobank the Felid Summoner began the quest for the Orb.
     0 | D:1      | Reached XP level 1. HP: 9/9 MP: 4/4
   190 | D:1      | Reached skill level 3 in Dodging
   198 | D:1      | Reached XP level 2. HP: 13/13 MP: 4/6
   204 | D:1      | Learned a level 2 spell: Call Imp
   215 | D:1      | Found a faded altar of an unknown god.
   221 | D:1      | Prayed at the altar of an unknown god.
   221 | D:1      | Became a worshipper of Dithmenos the Shadowed
   221 | D:1      | Reached * piety under Dithmenos
  1398 | D:2      | Reached XP level 3. HP: 14/16 MP: 2/7
  1464 | D:2      | Learned a level 3 spell: Call Canine Familiar
  1555 | D:2      | Reached ** piety under Dithmenos
  1731 | D:2      | Noticed a nameless horror
  1743 | D:2      | Killed a nameless horror
  2364 | D:3      | Reached XP level 4. HP: 21/21 MP: 1/8
  2364 | D:3      | Gained a life (2 lives remaining)
  2707 | D:3      | HP: 1/21 [gnoll/+0 spear (9)]
  2753 | D:3      | Reached skill level 4 in Dodging
  3019 | D:3      | Reached *** piety under Dithmenos
  3020 | D:3      | Reached XP level 5. HP: 24/24 MP: 4/10
  3482 | D:4      | Reached skill level 5 in Summonings
  3483 | D:4      | Noticed Pikel
  3485 | D:4      | Noticed a lemure
  3488 | D:4      | Noticed a lemure
  3489 | D:4      | Learned a level 4 spell: Summon Blazeheart Golem
  3491 | D:4      | Noticed a phantom
  3493 | D:4      | Noticed a lemure
  3493 | D:4      | Noticed a lemure
  3512 | D:3      | Killed from afar by an orc wizard
  3512 | D:3      | Lost a life (1 life remaining)
  3513 | D:3      | Found an ancient bone altar of Kikubaaqudgha.
  3513 | D:3      | Found a faded altar of an unknown god.
  3566 | D:4      | Identified the +3 sling "Pocal" {drain, Int+4}
  3883 | D:4      | Killed a phantom
  3884 | D:4      | Reached skill level 5 in Stealth
  3884 | D:4      | Gained mutation: You are covered in thick fur. (AC +2)
                  | [Felid growth]
  3884 | D:4      | Reached XP level 6. HP: 11/28 MP: 2/12
  4346 | D:3      | Reached skill level 5 in Dodging
  4562 | D:3      | Noticed Sigmund
  4570 | D:3      | Killed Sigmund
  4571 | D:3      | Reached skill level 1 in Fighting
  4571 | D:3      | Reached skill level 1 in Fire Magic
  4571 | D:3      | Reached XP level 7. HP: 26/33 MP: 5/13
  4571 | D:3      | Gained a life (2 lives remaining)
  5271 | D:3      | Reached **** piety under Dithmenos
  6127 | D:4      | Noticed Grinder
  6136 | D:5      | Entered Level 5 of the Dungeon
  6203 | D:5      | Found Leeqen's Assorted Antiques.
  6225 | D:5      | Noticed Edmund
  6256 | D:5      | Found Ibouxas's Antique Weapon Shoppe.
  6256 | D:5      | Killed Edmund
  6372 | D:5      | Found Wetull's Jewellery Boutique.
  6554 | D:5      | Bought a potion of curing for 81 gold pieces
  6554 | D:5      | Bought a glowing ivory ring for 135 gold pieces
  6573 | D:5      | Found a staircase to the Ecumenical Temple.
  6597 | D:5      | Reached skill level 6 in Dodging
  6597 | D:5      | Reached XP level 8. HP: 39/39 MP: 8/15
  6873 | D:5      | Noticed Ijyb
  6886 | D:5      | Killed Ijyb
  6887 | D:5      | Reached skill level 1 in Invocations
  7617 | D:4      | Killed Grinder
  7655 | D:4      | Found Merigos's Antique Weapon Shoppe.
  8046 | D:4      | Killed Pikel
  8047 | D:4      | Reached XP level 9. HP: 44/44 MP: 17/17
  8226 | D:6      | Learned a level 4 spell: Summon Lightning Spire
  8306 | D:6      | Noticed Maggie
  8322 | D:6      | Killed Maggie
  8323 | D:6      | Reached skill level 7 in Dodging
  8323 | D:6      | Reached skill level 1 in Air Magic
  8395 | D:6      | Noticed Menkaure
  8404 | D:6      | Killed Menkaure
  8405 | D:6      | Reached skill level 5 in Fire Magic
  8548 | D:6      | Reached skill level 5 in Spellcasting
  8951 | D:6      | Found a stormy altar of Qazlal.
  8951 | D:6      | Found a sacrificial altar of Ru.
  9065 | D:6      | Reached ***** piety under Dithmenos
  9131 | D:6      | Noticed Jeremiah
  9908 | D:7      | Reached XP level 10. HP: 51/51 MP: 19/19
 10208 | D:8      | Killed from afar by an orc priest
 10208 | D:8      | Lost a life (1 life remaining)
 10295 | D:8      | Reached skill level 8 in Dodging
 10352 | D:8      | Noticed a two-headed ogre
 10365 | D:8      | Killed a two-headed ogre
 10595 | D:8      | Found a flagged portal.
 10620 | Bailey   | Entered a bailey
 10701 | Bailey   | Noticed an orc knight
 11084 | D:8      | Killed from afar by a steam dragon
 11084 | D:8      | Lost a life (0 lives remaining)
 11245 | D:8      | Reached skill level 5 in Fighting
 11550 | D:9      | Noticed a two-headed ogre
 11669 | D:9      | Killed a two-headed ogre
 11862 | D:8      | Reached skill level 5 in Air Magic
 12691 | D:9      | Found a basalt altar of Yredelemnul.
 12698 | D:9      | Identified the ring of Gedouwiw {rElec AC+4 Str-4 Dex+3}
 13267 | D:9      | Identified the +0 leather armour of the True Pharaoh {-Cast
                  | -Tele rN+ Str+6}
 13577 | D:10     | Entered Level 10 of the Dungeon
 13612 | D:10     | Noticed a two-headed ogre
 13621 | D:10     | Killed a two-headed ogre
 13622 | D:10     | Reached skill level 9 in Dodging
 13622 | D:10     | Reached XP level 11. HP: 56/56 MP: 21/21
 13622 | D:10     | Gained a life (1 life remaining)
 14351 | D:10     | Found a radiant altar of Vehumet.
 14513 | D:11     | Noticed a boulder beetle
 14530 | D:11     | Reached skill level 10 in Stealth
 14533 | D:11     | Reached skill level 5 in Invocations
 14566 | D:11     | Noticed a two-headed ogre
 14574 | D:11     | Killed a two-headed ogre
 14611 | D:11     | Found a staircase to the Lair.
 14653 | D:11     | Killed a boulder beetle
 14728 | D:11     | Found a frozen archway.
 14768 | D:11     | Noticed a boulder beetle
 14771 | IceCv    | Entered an ice cave
 14927 | IceCv    | HP: 4/84 [ice statue/bolt of cold (7)]
 15160 | IceCv    | Reached ****** piety under Dithmenos
 15213 | IceCv    | Reached skill level 10 in Dodging
 15389 | IceCv    | Gained mutation: Your thick and shaggy fur keeps you warm.
                  | (AC +3, rC+) [Felid growth]
 15389 | IceCv    | Reached XP level 12. HP: 32/62 MP: 17/23
 15776 | IceCv    | Learned a level 4 spell: Airstrike
 15776 | IceCv    | Noticed a death yak
 15776 | IceCv    | Noticed a death yak
 15776 | IceCv    | Noticed a death yak
 15800 | IceCv    | Killed a death yak
 15835 | IceCv    | Noticed a death yak
 16352 | IceCv    | Killed a death yak
 16370 | IceCv    | Killed a death yak
 16380 | IceCv    | Killed a death yak
 17020 | IceCv    | Noticed a death yak
 17020 | IceCv    | Noticed an ironbound frostheart
 17081 | IceCv    | Noticed an ironbound frostheart
 17088 | IceCv    | Killed a death yak
 17106 | IceCv    | Killed an ironbound frostheart
 17106 | IceCv    | Killed an ironbound frostheart
 17107 | IceCv    | Reached skill level 11 in Dodging
 17339 | IceCv    | Identified the +4 scale mail of Qewit {rN+}
 17419 | D:11     | Killed a boulder beetle
 17451 | D:11     | Found a staircase to the Orcish Mines.
 17875 | D:11     | Noticed Harold
 17882 | D:11     | Killed Harold
 18053 | D:12     | Noticed a two-headed ogre
 18069 | D:12     | Killed a two-headed ogre
 18143 | D:12     | Noticed a two-headed ogre
 18150 | D:12     | Reached skill level 10 in Summonings
 18150 | D:12     | Killed a two-headed ogre
 18334 | D:12     | Reached XP level 13. HP: 41/68 MP: 25/25
 18334 | D:12     | Gained a life (2 lives remaining)
 18347 | D:12     | Learned a level 3 spell: Mephitic Cloud
 18794 | D:12     | Reached skill level 1 in Conjurations
 18794 | D:12     | Reached skill level 1 in Alchemy
 19130 | D:12     | Noticed Nergalle
 19141 | D:12     | Killed Nergalle
 19445 | D:12     | Found an iron altar of Okawaru.
 19650 | Lair:1   | Entered Level 1 of the Lair of Beasts
 19699 | Lair:1   | HP: 2/68 [cane toad (18)]
 19699 | Lair:1   | Slain by a bullfrog
 19699 | Lair:1   | Lost a life (1 life remaining)
 20304 | Lair:1   | Found an ornate altar of the Wu Jian Council.
 20317 | Lair:1   | Found a hide-covered altar of Uskayaw.
 20724 | Lair:1   | Learned a level 3 spell: Frozen Ramparts
 21018 | Lair:1   | Reached skill level 1 in Ice Magic
 21243 | Lair:2   | Paralysed by a hornet for 2 turns
 21494 | Lair:2   | Reached skill level 12 in Dodging
 22915 | Lair:3   | Found a large runed translucent door.
 22915 | Lair:3   | Found a large runed translucent door.
 22918 | Lair:3   | Noticed zenocrate's ghost (journeyman TrEE)
 22944 | Lair:3   | Killed zenocrate's ghost
 23004 | Lair:3   | Noticed an eleionoma
 23010 | Lair:3   | Found a staircase to the Swamp.
 23016 | Lair:3   | Killed an eleionoma
 23083 | Lair:3   | Found a staircase to the Snake Pit.
 23313 | Lair:3   | Reached XP level 14. HP: 75/75 MP: 27/27
 24800 | Lair:4   | Noticed Rupert
 24826 | Lair:4   | Killed Rupert
 25210 | Lair:4   | Reached skill level 13 in Dodging
 26887 | Lair:5   | Entered Level 5 of the Lair of Beasts
 27114 | Lair:5   | Reached skill level 5 in Alchemy
 27129 | Lair:5   | Reached skill level 5 in Conjurations
 27268 | Lair:5   | Mangled by a large abomination
 27268 | Lair:5   | Lost a life (0 lives remaining)
 27394 | Lair:5   | Found a viscous altar of Jiyva.
 27521 | Lair:5   | Found a staircase to the Slime Pits.
 27530 | Lair:5   | Learned a level 6 spell: Summon Cactus Giant
 27650 | Lair:5   | Reached skill level 10 in Fighting
 27721 | Lair:5   | Reached skill level 5 in Ice Magic
 28731 | Lair:5   | Reached XP level 15. HP: 68/80 MP: 26/29
 28813 | Lair:5   | Reached skill level 14 in Dodging
 29041 | Lair:5   | Found a corrupted altar of Lugonu.
 29062 | Lair:5   | Reached skill level 10 in Spellcasting
 29075 | Lair:5   | Found a one-way gate to the infinite horrors of the Abyss.
 29464 | D:13     | Learned a level 5 spell: Freezing Cloud
 29466 | D:13     | Noticed Kirke
 29479 | D:13     | Killed Kirke
 29989 | D:13     | Noticed Erolcha
 29992 | D:13     | Killed Erolcha
 30049 | D:13     | Reached skill level 10 in Invocations
 30146 | D:13     | Found Onuupe's Assorted Antiques.
 30169 | D:13     | Found Qygez's General Store.
 30178 | D:13     | Bought a scroll of fog for 76 gold pieces
 30178 | D:13     | Bought a potion of magic for 152 gold pieces
 30230 | D:13     | You fall into a shaft and drop 1 floor!
 30405 | D:5      | Bought a potion of curing for 81 gold pieces
 30405 | D:5      | Bought a scroll of vulnerability for 108 gold pieces
 30558 | D:13     | Noticed Zizatayzxib's ghost (journeyman DjFE)
 30569 | D:13     | Found a runed translucent gate.
 30569 | D:13     | Found a runed translucent gate.
 30571 | D:13     | Found a runed translucent gate.
 31328 | Orc:1    | Entered Level 1 of the Orcish Mines
 32008 | Orc:2    | Entered Level 2 of the Orcish Mines
 32449 | Orc:2    | Found Tyisuten's Assorted Antiques.
 32449 | Orc:2    | Found Liunia's General Store.
 32450 | Orc:2    | Found Bieteokk's General Store.
 32453 | Orc:2    | Found Ciogial's Antique Weapon Boutique.
 32543 | Orc:2    | Bought a scroll of amnesia for 52 gold pieces
 32545 | Orc:2    | Bought a lead wand for 84 gold pieces
 32545 | Orc:2    | Bought a steel ring for 105 gold pieces
 32545 | Orc:2    | Bought a potion of heal wounds for 105 gold pieces
 32546 | Orc:2    | Bought a scroll of immolation for 56 gold pieces
 32546 | Orc:2    | Bought a scroll of teleportation for 42 gold pieces
 32546 | Orc:2    | Bought a scroll of teleportation for 42 gold pieces
 32546 | Orc:2    | Bought a scroll of amnesia for 56 gold pieces
 32932 | Orc:2    | Found a staircase to the Elven Halls.
 33251 | Orc:1    | Found Fucwoet's Book Emporium.
 33332 | Orc:1    | Found a roughly hewn altar of Beogh.
 34017 | D:14     | Noticed Nessos
 34028 | D:14     | Killed Nessos
 34235 | D:14     | Reached skill level 15 in Dodging
 34564 | D:14     | Found Fanobuf's Book Boutique.
 34827 | D:14     | Found a gate to the Vaults.
 35386 | D:15     | Entered Level 15 of the Dungeon
 36511 | D:15     | Reached XP level 16. HP: 85/85 MP: 30/32
 36511 | D:15     | Gained a life (1 life remaining)
 37063 | D:15     | Found a staircase to the Depths.
 37214 | D:15     | Found a bloodstained altar of Trog.
 37242 | D:15     | Identified the +2 battleaxe of the Final Decision {freeze,
                  | *Slow rN+ Str+5}
 37722 | Snake:1  | Entered Level 1 of the Snake Pit
 37852 | Snake:1  | Noticed Mlioglotl
 37870 | Snake:1  | Killed Mlioglotl
 37871 | Snake:1  | Reached skill level 16 in Dodging
 38139 | Snake:1  | Noticed Roxanne
 38147 | Snake:1  | Learned a level 5 spell: Summon Mana Viper
 38187 | Snake:1  | Killed Roxanne
 38981 | D:13     | Killed Zizatayzxib's ghost
 39675 | Snake:1  | Identified the serpent talisman of Ekaom {rC+ rCorr}
 39675 | Snake:1  | Noticed Aizul
 39684 | Snake:1  | Killed Aizul
 39685 | Snake:1  | Reached skill level 1 in Hexes
 39685 | Snake:1  | Reached skill level 1 in Shapeshifting
 40512 | Snake:2  | Found Fasis's Magic Scroll Shoppe.
 40512 | Snake:2  | Found Xiriab's Antique Armour Emporium.
 40526 | Snake:2  | Bought a scroll of blinking for 135 gold pieces
 40526 | Snake:2  | Bought a scroll of revelation for 135 gold pieces
 40526 | Snake:2  | Bought a scroll of summoning for 171 gold pieces
 40526 | Snake:2  | Bought a scroll of revelation for 135 gold pieces
 41044 | Snake:2  | Noticed Asterion
 41052 | Snake:2  | Reached skill level 5 in Hexes
 41556 | D:14     | Bought a book of Misfortune for 442 gold pieces
 41563 | D:14     | Learned a level 5 spell: Yara's Violent Unravelling
 41990 | Snake:1  | Succumbed to a naga ritualist's toxic radiance
 41990 | Snake:1  | Lost a life (0 lives remaining)
 43156 | Snake:2  | Found Omoas's Distillery.
 43159 | Snake:2  | Bought a potion of curing for 30 gold pieces
 43159 | Snake:2  | Bought a potion of might for 40 gold pieces
 43159 | Snake:2  | Bought a potion of haste for 100 gold pieces
 43159 | Snake:2  | Bought a potion of resistance for 100 gold pieces
 43159 | Snake:2  | Bought a potion of might for 40 gold pieces
 43234 | Snake:2  | Killed Asterion
 43678 | Snake:3  | Found a runed translucent door.
 43678 | Snake:3  | Found a shimmering altar of Xom.
 43678 | Snake:3  | Identified the +5 battleaxe "Basmec" {chaos, rElec rPois
                  | Str+2}
 43678 | Snake:3  | Noticed croobank's ghost (adept DgSu)
 43686 | Snake:3  | Noticed Nikola
 43694 | Snake:3  | Killed from afar by Nikola

Illustrated notes

Levels and vault maps discovered:
D:1:      ncdulo_smallfort, layout_basic,
          dreamdust_ecumenical_altar_angels_and_demons
D:2:      layout_rooms, st_stairs_7
D:3:      minmay_goblin_kobold_castle, layout_basic,
          nicolae_overflow_ecumenical_swirl, cheibrodos_sewer_entry_sluice,
          uniq_sigmund
D:4:      layout_rooms, serial_shops, shop_statue, nrook_uturn,
          minmay_mini_ossuary, uniq_grinder, uniq_pikel
D:5:      layout_layer_cave, minmay_temple_entry_statues, serial_shops,
          nicolae_shop_tiny_waterfront, shop, shop, uniq_ijyb, uniq_edmund
D:6:      nicolae_cairo_tiling, layout_loops_ring,
          gammafunk_temple_overflow_elements, grunt_ministairs_15,
          minmay_circle_x, uniq_maggie, uniq_jeremiah, uniq_menkaure
D:7:      layout_loops_cross
D:8:      layout_layer_cave, enter_bailey_2
D:9:      layout_basic, lemuel_doored_altar, kennysheep_minor_cross, hex_medium
D:10:     layout_roguey, mainiacjoe_overflow_concentric_impassable
D:11:     layout_cave_pools, hellmonk_lair_entry_icy,
          portal_ice_cave_entry_ice_simulacra, uniq_harold
D:12:     layout_irregular_city, okawaru_altar_gauntlet_db, uniq_nergalle
D:13:     layout_irregular_city, gammafunk_ghost_split, serial_shops,
          shop_fountains, nicolae_shop_rolling_square, uniq_kirke, uniq_erolcha
D:14:     layout_gridville, david_vaults_1, serial_shops, shop,
          dpeg_stationary_puzzle, uniq_nessos
D:15:     kennysheep_seaside_town, layout_small_grid, serial_park_tiny_1,
          tgw_trog
Lair:1:   layout_misc_corridors, nzn_masters_of_martial_movement,
          grunt_megastairs_4
Lair:2:   cheibrodos_lair_overgrown_chateau, layout_loops_ring,
          nicolae_volcano_entry_hallway, gauntlet_entry_generic,
          minmay_stone_trees_small, hangedman_lair_generics_rect
Lair:3:   layout_big_grid, alex1729_swamp_entry_worm_eleionoma,
          guppyfry_snake_entry_garden, ebering_ghost_disaster_area,
          fungi_pond_lemuel
Lair:4:   slaughterhouse, layout_regular_city, chequers_serial_rivers_room_b,
          uniq_rupert
Lair:5:   hellmonk_lair_end_abyssal_woods, layout_loops_ring,
          dpeg_slime_entry_corner, serial_forest, infiniplex_forest_3_way,
          infiniplex_forest_clump_long, infiniplex_forest_lined_3_way,
          infiniplex_forest_lined_4_way, infiniplex_forest_lined_1,
          infiniplex_forest_zigzag_2, infiniplex_forest_lined_2,
          nicolae_quartered_pool_impasse, chequers_serial_rivers_room_a,
          lemuel_fruit_tree
Snake:1:  layout_gridlike, nicolae_triple_integral, uniq_roxanne, uniq_aizul,
          uniq_mlioglotl
Snake:2:  cheibrodos_forgotten_conduit, layout_gridlike, serial_shops,
          nicolae_shop_tiny_real_fake_doors, minmay_shoptagon,
          serial_bayou_shore_a, serial_bayou_shore_b, uniq_asterion
Snake:3:  layout_rooms, ebering_ghost_xom, uniq_nikola
Orc:1:    layout_caves, serial_shops, shop, minmay_orc_temple_a
Orc:2:    st_orc_mages, layout_caves

Skill      XL: |  1  2  3  4  5  6  7  8  9 10 11 12 13 14 15 16 |
---------------+-------------------------------------------------+-----
Stealth        | 3 4 5 6 7 8 9 11 12 13 | 13.5
Dodging        | 3 4 5 6 7 9 10 11 12 13 15 16 | 16.3
Spellcasting   | 3 4 5 6 7 8 9 11 12 | 12.1
Summonings     | 5 6 7 8 10 11 | 11.8
Fighting       | 1 2 3 4 5 6 7 9 10 | 10.0
Fire Magic     | 1 3 4 5 |  5.0
Invocations    | 2 3 4 5 7 8 9 11 12 | 12.2
Air Magic      | 3 5 7 |  7.0
Conjurations   | 3 5 |  5.0
Alchemy        | 3 5 |  5.6
Ice Magic      | 2 5 7 8 |  8.4
Hexes          | 5 |  5.8
Shapeshifting  | 3 |  3.8

Action                     |  1- 3 |  4- 6 |  7- 9 | 10-12 | 13-15 | 16-18 || total
---------------------------+-------+-------+-------+-------+-------+-------++-------
  Melee: Unarmed           |    44 |    71 |   109 |   109 |   257 |    47 ||   637
         Bite              |     3 |     4 |    16 |    21 |    54 |     7 ||   105
         Punch             |       |     1 |     3 |     1 |     6 |       ||    11
   Cast: Summon Small Mamm |    50 |    35 |    38 |    11 |     6 |       ||   140
         Call Imp          |    20 |    17 |    24 |    10 |    10 |       ||    81
         Call Canine Famil |     2 |    15 |    19 |    15 |    26 |     4 ||    81
         Summon Blazeheart |       |     5 |    17 |    87 |   115 |    13 ||   237
         Summon Lightning  |       |       |     8 |    63 |    72 |     3 ||   146
         Mephitic Cloud    |       |       |       |       |    64 |    11 ||    75
         Airstrike         |       |       |       |       |    23 |    29 ||    52
         Frozen Ramparts   |       |       |       |       |     8 |       ||     8
         Summon Cactus Gia |       |       |       |       |    57 |    47 ||   104
         Freezing Cloud    |       |       |       |       |    76 |    42 ||   118
         Summon Mana Viper |       |       |       |       |       |    25 ||    25
         Yara's Violent Un |       |       |       |       |       |     1 ||     1
 Invoke: Shadow Form       |       |       |       |     2 |     3 |     2 ||     7
  Evoke: Lightning rod     |       |       |       |     5 |       |       ||     5
         Wand              |       |       |       |     9 |    11 |     5 ||    25
    Use: Scroll            |       |    11 |     7 |     4 |    12 |     4 ||    38
         Potion            |       |     4 |       |     4 |     2 |     3 ||    13
   Stab: Sleeping          |     5 |     3 |    13 |     7 |     8 |     5 ||    41
         Distracted        |       |     2 |     2 |     5 |     6 |     2 ||    17
         Invisible         |       |       |       |     2 |     5 |       ||     7
         Confused          |       |       |       |       |    16 |     4 ||    20
         Paralysed         |       |       |       |       |     1 |       ||     1
 Armour: Skin              |    19 |    46 |    35 |   103 |   170 |    47 ||   420
  Dodge: Dodged            |    55 |   125 |   138 |   341 |   650 |   169 ||  1478
   Form: Beast             |       |       |       |       |       |     1 ||     1

Table legend: (Time is in decaauts)
 A = Elapsed time spent in this place.
 B = Non-inter-level travel time spent in this place.
 C = Inter-level travel time spent in this place.
 D = Time resting spent in this place.
 E = Time spent auto-exploring this place.
 F = Levels seen in this place.
 G = Mean time per level.
                   A        B        C        D        E       F      G
               +--------+--------+--------+--------+--------+-----+--------+
         Total |  43816 |  41181 |   2635 |  14713 |  15776 |  27 | 1622.8 |
       Dungeon |  23934 |  22330 |   1604 |   6359 |  10405 |  15 | 1595.6 |
          Lair |  10254 |   9492 |    762 |   4050 |   2744 |   5 | 2050.8 |
     Snake Pit |   4987 |   4753 |    234 |   2103 |   1728 |   3 | 1662.3 |
  Orcish Mines |   1916 |   1882 |     34 |    507 |    769 |   2 |  958.0 |
        Bailey |    107 |    107 |      0 |     24 |      0 |   1 |  107.0 |
      Ice Cave |   2615 |   2615 |      0 |   1670 |    129 |   1 | 2615.0 |
               +--------+--------+--------+--------+--------+-----+--------+

Top non-repeatable levels by time:
     D:3: 2931 daAuts
 Snake:2: 2673 daAuts
  Lair:4: 2652 daAuts
   IceCv: 2615 daAuts
  Lair:5: 2227 daAuts
    D:15: 2171 daAuts
 Snake:1: 2144 daAuts
    D:12: 2016 daAuts
     D:8: 1984 daAuts
  Lair:2: 1833 daAuts
  Lair:3: 1819 daAuts
    D:13: 1792 daAuts
  Lair:1: 1721 daAuts
     D:6: 1680 daAuts
    D:14: 1665 daAuts
